 Dungeon Crawl Stone Soup version 0.29-a0-275-g389c0b56f3 (webtiles) character file.

Game seed: 13772356308818157755

10942 frimble the Slicer (level 12, -9/86 HPs)
             Began as a Djinni Cinder Acolyte on Mar 11, 2022.
             Was a High Priest of Ignis.
             Killed from afar by a gargoyle (22 damage)
             ... with a stone arrow
             ... in a Gauntlet.
             The game lasted 00:26:44 (18150 turns).

frimble the Slicer (Djinni Cinder Acolyte)         Turns: 18150, Time: 00:26:44

Health: -9/86      AC:  6    Str: 13    XL:     12   Next: 1%
Gold:   165        EV: 12    Int: 20    God:    Ignis [*****.] SH:  6 Dex: 10

rFire   + + +      SeeInvis +   z - +2 scimitar (flame)
rCold   . . .      Faith    .   a - +2 buckler
rNeg    . . .      Spirit   .   n - +0 troll leather armour
rPois   ∞          Reflect  .   (no helmet)
rElec   .          Harm     .   q - +0 cloak
rCorr   .          Rampage  .   l - +0 pair of gloves
Will    +....      NoTele   +   (boots unavailable)
Stlth   ++........              (no amulet)
HPRegen 1.04/turn               A - ring of protection from cold
MPRegen 0.00/turn               c - ring of see invisible

@: flying
A: sickness immunity, fire resistance 2, cold vulnerability 1, float, innate
caster, HP casting, extra vitality 1
a: Renounce Religion, Fiery Armour, Foxfire Swarm, Rising Flame


You were in a Gauntlet.
You worshipped Ignis.
Ignis was extremely pleased with you.
You visited 1 branch of the dungeon, and saw 12 of its levels.
You also visited: Gauntlet.

You collected 481 gold pieces.
You spent 316 gold pieces at shops.

Inventory:

Hand Weapons
 o - a +1 short sword of venom
 s - a +2 short sword of draining
 v - a +0 short sword of protection
 z - a +2 scimitar of flaming (weapon)
Missiles
 h - 8 javelins
 y - 4 throwing nets
Armour
 a - a +2 buckler (worn)
 l - a +0 pair of gloves (worn)
 m - +0 acid dragon scales
 n - a +0 troll leather armour (worn)
 q - a +0 cloak (worn)
 F - a +2 robe of willpower
Jewellery
 b - a ring of resist corrosion
 c - a ring of see invisible (right hand)
 t - the ring of Seng {rElec rF+ rN+ Stlth-}
   (You found it in a Gauntlet)

   [ring of positive energy]

   rF:        It protects you from fire.
   rElec:     It insulates you from electricity.
   rN:        It protects you from negative energy.
   Stlth:     It makes you less stealthy.
 A - a ring of protection from cold (left hand)
 C - a ring of protection from fire
 G - the ring "Deudec" {rPois rCorr SInv}
   (You found it in a Gauntlet)

   [ring of poison resistance]

   rPois:     It protects you from poison.
   SInv:      It lets you see invisible.
   rCorr:     It protects you from acid and corrosion.
Wands
 d - a wand of flame (32)
 e - a wand of charming (4)
 g - a wand of acid (3)
Scrolls
 f - 2 scrolls of magic mapping
 p - 2 scrolls of blinking
 B - a scroll of teleportation
 D - 3 scrolls of identify
Potions
 i - 3 potions of curing
 j - 2 potions of flight
 k - a potion of heal wounds
 r - a potion of cancellation
 u - 2 potions of mutation
 w - a potion of attraction
 x - 2 potions of ambrosia
 E - a potion of resistance


   Skills:
 + Level 8.0 Fighting
 - Level 8.4(9.2) Short Blades
 + Level 5.7(7.9) Long Blades
 - Level 4.0 Dodging
 - Level 4.1 Stealth
 - Level 4.2 Shields
 - Level 7.7 Spellcasting
 - Level 4.0 Evocations


You had 11 spell levels left.
You knew the following spells:

 Your Spells              Type           Power      Damage    Failure   Level
a - Scorch                Fire           76%        2d9       1%          2
b - Apportation           Tloc           76%        N/A       1%          1
c - Passwall              Tmut/Erth      31%        N/A       1%          2
d - Ensorcelled Hibernat  Hex/Ice        76%        N/A       1%          2
e - Cause Fear            Hex            19%        N/A       6%          4
f - Leda's Liquefaction   Hex/Erth       19%        N/A       6%          4
Your spell library was empty.

Dungeon Overview and Level Annotations

Branches:
Dungeon (12/15)            Temple (0/1) D:7            Lair (0/6) D:9
    Orc (0/2) D:11        Gauntlet (1/1)

Altars:
Dithmenos
Elyvilon
Fedhas
Qazlal
Ru
Sif Muna
Trog
Xom

Shops:
D:4 :   D:7 !?::!

Annotations:
D:10 exclusion: 3 oklob plants Gauntlet 9 transporters, 1 runed translucent door


Innate Abilities, Weirdness & Mutations

You are immune to sickness and miasma.
You are immune to poison.
Your flesh is very heat resistant. (rF++)
You are vulnerable to cold. (rC-)
You float through the air rather than walking.
You learn spells naturally, not from books.
Your magical power is your life essence.
You have superior vitality. (+4 MHP)


Message History

Unknown command.
There is a transporter here.
Okay, then.
Unknown command.
Okay, then.
Unknown command.
Casting: Scorch (safe; 1% risk of failure)
Confirm with . or Enter, or press ? or * to list all spells.
Okay, then.
Unknown command.
You enter the transporter and appear at another place.
The molten gargoyle misses you.
The molten gargoyle blasts magma at you!
The bolt of magma hits you! You partially resist.
The molten gargoyle attacks as you move away!
The molten gargoyle hits you with a +0 flail of holy wrath!
You are engulfed in flames.
You resist.
Casting: Scorch (safe; 1% risk of failure)
Confirm with . or Enter, or press ? or * to list all spells.
Aiming: Apportation (safe; 1% risk of failure)
Press: ? - help, Dir - move target Apport: a warped lead ring Yoink!
You pull the item towards yourself.
You see here the ring "Deudec" {rPois rCorr SInv}.
You block the molten gargoyle's attack.
The molten gargoyle blasts magma at you!
The bolt of magma hits the molten gargoyle!
The molten gargoyle partially resists.
The bolt of magma hits you! You partially resist.
G - the ring "Deudec" {rPois rCorr SInv} The molten gargoyle hits you with a +0 flail!!
* * * LOW HITPOINT WARNING * * *
You are engulfed in flames.
You resist.
* * * LOW HITPOINT WARNING * * *
The molten gargoyle blasts magma at you!
The bolt of magma hits you! You partially resist.
* * * LOW HITPOINT WARNING * * *
The gargoyle hurls a stone arrow at you.
The stone arrow hits you!!
You die...

.©....©#.......#©....©....©#....≈
###########.###################.≈
#.#.......#.#.......#.#ZZZZ...#.≈
#.#.......#.#.####..#.####.####.#
#.#.#####.#.#.#..##.#.#..#.#kZ#.≈
#.#...©...#.#..#©9#Y#.#.##©##.#.≈
#.#.#####W#.#..##9#.#.#.#...#.#.≈
#.#.......#.#....##9#.#.#...#.#.#
#.#.=.©(!W#.#.[:@...#.#..!©=[.#.≈
#.#########.#########.#########.≈
................................≈
P♣P..♣P..........♣...♣P..♣..P♣..#
...........∩...PP...............≈
#≈≈≈#..♣......P♣..#≈≈≈#≈≈≈#≈≈≈#≈≈
##≈###...........###≈###≈###≈###≈
### ############# ### ### ### ##
.................


You could see 2 molten gargoyles, a gargoyle and 2 shadows.

Vanquished Creatures
  2 hydras
  A two-headed ogre (D:11)
  Erica (D:9)
  Amaemon (D:10)
  An ugly thing (D:11)
  An orange demon (D:10)
  3 gargoyles (D:10)
  A komodo dragon (D:9)
  A troll (D:10)
  2 slime creatures (Gauntlet)
  Sigmund (D:2)
  A vampire (D:10)
  5 yaks
  3 acid dragons
  5 water moccasins
  A floating eye (D:10)
  2 ice beasts
  An orc warrior (D:9)
  3 black bears
  A centaur (D:11)
  A kobold brigand (D:8)
  5 bullfrogs
  2 necrophages (D:5)
  A gnoll sergeant (D:6)
  A scorpion (D:9)
  A wight (D:7)
  A killer bee (D:8)
  5 howler monkeys
  9 orc priests
  4 jellies
  Crazy Yiuf (D:2)
  A gnoll shaman (D:7)
  5 hounds
  Jessica (D:3)
  Natasha (thrice) (D:2)
  9 orc wizards
  Terence (D:2)
  14 adders
  13 gnolls
  9 white imps
  3 ufetubi
  6 worms
  2 dart slugs
  29 orcs
  8 bats
  2 endoplasms
  2 giant cockroaches
  14 goblins
  5 hobgoblins
  2 jackals (D:2)
  12 kobolds
  5 quokkas
  9 ball pythons
  3 frilled lizards
  A rat (D:1)
227 creatures vanquished.

Vanquished Creatures (collateral kills)
  Joseph (D:7)
  2 yaks (D:10)
  A gnoll sergeant (D:9)
  2 wights (D:7)
  A gnoll (D:7)
7 creatures vanquished.

Vanquished Creatures (others)
  2 wights (D:7)
  A jelly (D:5)
  4 demonic plants (Gauntlet)
  22 foxfires (D:11)
  41 fungi (D:9)
  37 plants
107 creatures vanquished.

Grand Total: 341 creatures vanquished

Notes
Turn   | Place    | Note
-------+----------+-------------------------------------------
     0 | D:1      | frimble the Djinni Cinder Acolyte began the quest for the
                  | Orb.
     0 | D:1      | Reached XP level 1. HP: 20/20 MP: 0/0
   104 | D:1      | Found a faded altar of an unknown god.
   352 | D:1      | Reached XP level 2. HP: 6/25 MP: 0/0
   951 | D:1      | Reached XP level 3. HP: 1/30 MP: 0/0
   951 | D:1      | Learned a level 1 spell: Apportation
  1702 | D:2      | Found a runed translucent door.
  1703 | D:2      | Noticed Crazy Yiuf
  1764 | D:2      | Reached XP level 4. HP: 32/35 MP: 0/0
  1809 | D:2      | Noticed Sigmund
  1810 | D:2      | Reached skill level 1 in Shields
  1884 | D:2      | Killed Sigmund
  1885 | D:2      | Reached XP level 5. HP: 29/40 MP: 0/0
  1885 | D:2      | Learned a level 2 spell: Passwall
  1885 | D:2      | Reached XP level 6. HP: 33/46 MP: 0/0
  2097 | D:2      | Noticed Terence
  2105 | D:2      | Killed Terence
  2432 | D:2      | Noticed Natasha
  2438 | D:2      | Killed Natasha
  2454 | D:2      | Noticed Natasha
  2460 | D:2      | Killed Natasha
  2483 | D:2      | Noticed Natasha
  2727 | D:2      | Killed Natasha
  3275 | D:3      | Reached XP level 7. HP: 32/51 MP: 0/0
  3275 | D:3      | Learned a level 2 spell: Ensorcelled Hibernation
  3578 | D:3      | Reached skill level 1 in Stealth
  3749 | D:3      | Noticed Jessica
  3758 | D:3      | Killed Jessica
  4137 | D:3      | Found a stormy altar of Qazlal.
  5325 | D:4      | Found Tuocudgh's Book Shoppe.
  5721 | D:5      | Entered Level 5 of the Dungeon
  5726 | D:5      | Found a white marble altar of Elyvilon.
  6075 | D:5      | Reached XP level 8. HP: 22/58 MP: 0/0
  6292 | D:5      | Found a bloodstained altar of Trog.
  6418 | D:5      | Found a sacrificial altar of Ru.
  7228 | D:6      | Found a shadowy altar of Dithmenos.
  7282 | D:6      | Reached skill level 5 in Fighting
  7348 | D:6      | Reached skill level 5 in Short Blades
  7571 | D:6      | Reached XP level 9. HP: 58/65 MP: 0/0
  7571 | D:6      | Learned a level 4 spell: Cause Fear
  8709 | D:7      | Found Unuduomn's Distillery.
  8715 | D:7      | Bought a potion of lignification for 36 gold pieces
  8715 | D:7      | Bought a potion of attraction for 36 gold pieces
  8715 | D:7      | Bought a potion of ambrosia for 96 gold pieces
  8715 | D:7      | Bought a potion of invisibility for 96 gold pieces
  8729 | D:7      | Found Xyjoan's Book Shoppe.
  8898 | D:7      | Noticed Joseph
  8934 | D:7      | Killed Joseph
  8935 | D:7      | Reached skill level 5 in Spellcasting
  9538 | D:7      | Found Uveariump's Magic Scroll Boutique.
  9545 | D:7      | Bought a scroll of teleportation for 39 gold pieces
  9545 | D:7      | Bought a scroll of noise for 13 gold pieces
  9859 | D:7      | Found Quvvav Wishry's Distillery.
  9888 | D:7      | Found a staircase to the Ecumenical Temple.
 10172 | D:7      | Found Fiaptemai's Book Emporium.
 10490 | D:2      | Killed Crazy Yiuf
 11031 | D:8      | Found a blossoming altar of Fedhas.
 11648 | D:8      | Reached XP level 10. HP: 72/72 MP: 0/0
 12061 | D:8      | Found a shimmering altar of Xom.
 12292 | D:9      | You are sucked into a shaft and drop 1 floor!
 12292 | D:10     | Entered Level 10 of the Dungeon
 12292 | D:10     | Noticed an oklob plant
 12292 | D:10     | Noticed an oklob plant
 12292 | D:10     | Noticed an oklob plant
 12326 | D:10     | Reached skill level 1 in Dodging
 12392 | D:10     | Paralysed by a floating eye for 2 turns
 12856 | D:10     | Noticed Amaemon
 12880 | D:10     | Killed Amaemon
 12883 | D:10     | Noticed an orange demon
 12914 | D:10     | Killed an orange demon
 13183 | D:10     | Noticed a gargoyle
 13263 | D:10     | Noticed a gargoyle
 13270 | D:10     | Killed a gargoyle
 13461 | D:10     | Noticed a gargoyle
 13492 | D:10     | Killed a gargoyle
 14500 | D:9      | Noticed Erica
 14522 | D:9      | Killed Erica
 14523 | D:9      | Reached XP level 11. HP: 15/76 MP: 0/0
 14523 | D:9      | Learned a level 4 spell: Leda's Liquefaction
 14838 | D:9      | Reached skill level 1 in Long Blades
 15472 | D:9      | Found a staircase to the Lair.
 15878 | D:11     | Noticed a six-headed hydra
 15886 | D:11     | Killed a five-headed hydra
 16122 | D:11     | Noticed a green ugly thing
 17164 | D:11     | Found a staircase to the Orcish Mines.
 17165 | D:11     | Noticed a two-headed ogre
 17555 | D:11     | Killed a two-headed ogre
 17587 | D:11     | Killed a green ugly thing
 17636 | D:12     | Noticed a seven-headed hydra
 17656 | D:12     | Killed a one-headed hydra
 17657 | D:12     | Reached skill level 5 in Long Blades
 17694 | D:12     | Found a gate leading to a gauntlet.
 17694 | D:12     | Noticed a cyclops
 17703 | Gauntlet | Entered a Gauntlet
 17703 | Gauntlet | Found a transporter.
 17755 | Gauntlet | Found a transporter.
 17757 | Gauntlet | Found a transporter.
 17762 | Gauntlet | Found a runed translucent door.
 17762 | Gauntlet | Found a runed translucent door.
 17767 | Gauntlet | Found a transporter.
 17770 | Gauntlet | Found a transporter.
 17778 | Gauntlet | Found a transporter.
 17778 | Gauntlet | Found the +0 pair of fencer's gloves {Riposte Dex+3}
 17783 | Gauntlet | Noticed a death drake
 17799 | Gauntlet | Found a transporter.
 17802 | Gauntlet | Noticed a catoblepas
 17810 | Gauntlet | Found a transporter.
 17822 | Gauntlet | Found a transporter.
 17823 | Gauntlet | Noticed a thrashing horror
 17831 | Gauntlet | Noticed a thrashing horror
 17841 | Gauntlet | Found a transporter.
 17855 | Gauntlet | Found a transporter.
 17856 | Gauntlet | Found a transporter.
 17904 | Gauntlet | Found a transporter.
 17918 | Gauntlet | Found a transporter.
 18034 | Gauntlet | Reached XP level 12. HP: 36/86 MP: 0/0
 18134 | Gauntlet | Identified the ring of Seng {rElec rF+ rN+ Stlth-}
 18148 | Gauntlet | Identified the ring "Deudec" {rPois rCorr SInv}
 18150 | Gauntlet | Killed from afar by a gargoyle

Illustrated notes

Levels and vault maps discovered:
D:1:      lemuel_arrival_room, layout_rooms, ebering_ecumenical_altar_rust
D:2:      layout_loops_ring, minmay_ruptured, uniq_terence, uniq_natasha,
          uniq_crazy_yiuf_cottage, uniq_sigmund
D:3:      layout_loops_cross, grunt_qazlal_clouds, uniq_jessica
D:4:      layout_gridville, serial_shops, shop_fountains
D:5:      layout_loops_ring, nicolae_ru_great_annihilating_truth,
          elyvilon_altar_5, kennysheep_little_box, chequers_arboretum,
          lemuel_old_faithful
D:6:      layout_loops_cross, grunt_dithmenos_smoke_and_mirrors, minmay_bent
D:7:      layout_basic, minmay_temple_entry_trees, serial_shops, shop,
          nicolae_shop_trees, nicolae_shop_trees, shop, nicolae_shop_crystal,
          kennysheep_path_1, uniq_joseph
D:8:      layout_loops_ring, gammafunk_temple_overflow_elements,
          kennysheep_mini_moat, st_stairs_3
D:9:      layout_layer_cave, due_lair_maze_entry_diamond, uniq_erica
D:10:     layout_roguey, serial_co_window_serial, co_window_paths_a,
          co_window_corner_a, co_window_corner_a, co_window_paths_b,
          co_window_paths_a, co_window_of_opportunity_a, co_window_paths_c,
          co_window_2corner, co_window_corner_b, co_window_of_opportunity_c,
          co_window_2corner, co_window_4corner_b, disabler_island, uniq_amaemon
D:11:     layout_big_octagon, serial_ice, serial_ice_l, serial_ice_d,
          serial_ice_e, serial_ice_g, portal_ice_cave_rime
D:12:     layout_loops_ring, serial_shops, shop,
          gammafunk_ghost_wrathful_warriors, gauntlet_entry_generic,
          amcnicky_mini_rare_corridor_liquid, uniq_maurice, uniq_sonja,
          uniq_fannar
Gauntlet: minmay_gauntlet_77_tree [minmay_gauntlet_arena_77_mess,
          minmay_gauntlet_arena_77_checkered,
          minmay_gauntlet_arena_77_shame_cube, minmay_gauntlet_arena_77_museum,
          minmay_gauntlet_arena_77_chump_sandwich,
          minmay_gauntlet_arena_77_hold_the_fort,
          minmay_gauntlet_arena_77_mirror, gauntlet_exit_watery]

Skill      XL: |  1  2  3  4  5  6  7  8  9 10 11 |
---------------+----------------------------------+-----
Short Blades   | 3 4 5 6 8 |  8.4
Shields        | 4 |  4.2
Spellcasting   | 3 4 5 7 |  7.7
Stealth        | 2 3 4 |  4.1
Fighting       | 4 5 6 8 |  8.0
Evocations     | 3 4 |  4.0
Dodging        | 4 |  4.0
Long Blades    | 5 |  5.7

Action                   |  1- 3 |  4- 6 |  7- 9 | 10-12 || total
-------------------------+-------+-------+-------+-------++-------
Melee: Short sword       |    76 |       |   215 |    74 ||   365
       Punch             |     1 |       |       |       ||     1
       Dagger            |       |    35 |    64 |       ||    99
       Scimitar          |       |       |       |   145 ||   145
 Cast: Scorch            |    12 |    39 |   152 |   105 ||   308
       Apportation       |       |       |     1 |     6 ||     7
       Ensorcelled Hiber |       |       |     3 |     4 ||     7
       Passwall          |       |       |       |     1 ||     1
       Leda's Liquefacti |       |       |       |     1 ||     1
Invok: Fiery Armour      |       |       |     1 |     1 ||     2
       Foxfire Swarm     |       |       |       |     1 ||     1
Evoke: Wand              |       |       |    12 |     9 ||    21
  Use: Scroll            |     3 |     3 |     8 |     3 ||    17
       Potion            |       |       |     3 |     7 ||    10
 Stab: Sleeping          |       |     3 |     6 |     2 ||    11
       Paralysed         |       |       |     1 |       ||     1
       Invisible         |       |       |       |     4 ||     4
Armor: Robe              |    32 |    16 |   113 |    29 ||   190
       Acid dragon scale |       |       |     4 |    38 ||    42
       Skin              |       |       |       |    87 ||    87
       Troll leather arm |       |       |       |     8 ||     8
Dodge: Dodged            |    63 |    14 |   145 |   119 ||   341
Block: Buckler           |       |    11 |    96 |   104 ||   211

Table legend: (Time is in decaauts)
 A = Elapsed time spent in this place.
 B = Non-inter-level travel time spent in this place.
 C = Inter-level travel time spent in this place.
 D = Time resting spent in this place.
 E = Time spent auto-exploring this place.
 F = Levels seen in this place.
 G = Mean time per level.
                   A        B        C        D        E       F      G
               +--------+--------+--------+--------+--------+-----+--------+
         Total |  18137 |  17333 |    804 |   1121 |  13706 |  13 | 1395.2 |
       Dungeon |  17689 |  16885 |    804 |   1046 |  13472 |  12 | 1474.1 |
      Gauntlet |    447 |    447 |      0 |     75 |    234 |   1 |  447.0 |
               +--------+--------+--------+--------+--------+-----+--------+

Top non-repeatable levels by time:
    D:10: 3761 daAuts
     D:6: 1771 daAuts
     D:7: 1725 daAuts
     D:2: 1635 daAuts
     D:1: 1594 daAuts
     D:5: 1491 daAuts
     D:3: 1423 daAuts
     D:8: 1392 daAuts
     D:4: 1332 daAuts
     D:9: 1190 daAuts
Gauntlet: 447 daAuts
    D:11: 293 daAuts
    D:12: 76 daAuts
